Cogmind - Beta 12 *** ADVENTURER MODE // 2023.04.07 @ 17:25:34 Player: Soma Result: Destroyed by G-67 Veteran with Field Laser Performance ------------- Evolutions (6) 3000 Regions Visited (16) 3200 Robots Destroyed (218) 1090 Value Destroyed (9666) 9666 Prototype IDs (12) 240 Alien Tech Used (0) 0 Bonus (2628) 2628 TOTAL SCORE: 19824 Bonus ------- High Alert Combat Kills 1272 Follower Combat Kills 930 Entered DSFs 500 Friendly Fire -74 Cogmind --------- Core Integrity 0/1150 Matter 300/300 Energy 69/600 System Corruption 29% Temperature Cool (9) Movement Core (100) Ox1 Location -4/Factory Parts ------- > --- POWER (2) -------- (None) > --- PROPULSION (6) --- (None) > --- UTILITY (6) ------ Advanced Coolant Injector Advanced Energy Well > --- WEAPON (5) ------- (None) > --- INVENTORY (5) ---- (None) Peak State ------------ > --- POWER ------------ Light Antimatter Reactor Light Antimatter Reactor > --- PROPULSION ------- Carbon-fiber Leg Flexi-carbon Leg Flexi-carbon Leg Flexi-carbon Leg Myomer Leg Myomer Leg > --- UTILITY ---------- Advanced Heat Sink Advanced Cooling System Large Storage Unit Enhanced Optical Array Improved Phase Shifter Advanced Force Field > --- WEAPON ----------- Matter Neutralizer Railgun Railgun Railgun Enhanced Gauss Cannon > --- INVENTORY -------- Micro Fission Core Particle Reactor Medium Treads Carbon-fiber Leg Flexi-carbon Leg Flexi-carbon Leg Myomer Leg Advanced Signal Interpreter Improved Targeting Computer Tesla Rifle Phase Gun HERF Cannon Coil Gun Coil Gun Mass Driver [Rating: 120] Favorites ----------- Power Light Nuclear Core Engine Deuterium Engine Power Core Light Nuclear Core Reactor Light Antimatter Reactor Propulsion Carbon-fiber Leg Treads Heavy Treads Leg Carbon-fiber Leg Hover Unit Combat Antigrav System Utility Large Storage Unit Device Advanced Cooling System Storage Large Storage Unit Processor Enhanced Optical Array Protection Reactive Plating Weapon Railgun Energy Gun Advanced Beam Rifle Energy Cannon Matter Neutralizer Ballistic Gun Railgun Ballistic Cannon Mass Driver Launcher Long-range Missile Launcher Special Weapon Welding Torch Impact Weapon Makeshift Hammer Special Melee Weapon Datajack Build | -11 -10 -10 -9 -8 -7 -7 -6 -5 -5 -5 -5 -5 -5 -4 -4 -4 ------- Run | Jun Mat Min Mat Mat Fac DSF Fac Fac Was Fac Ext Cet Arc Fac Was Fac Slots Evolved 12 | . . . 2 2 2 . 2 2 . . . . . 2 . . Power 1 | . . . . . . . . 1 . . . . . . . . Propulsion 4 | . . . 1 . 1 . 1 1 . . . . . . . . Utility 4 | . . . 1 1 . . 1 . . . . . . 1 . . Weapon 3 | . . . . 1 1 . . . . . . . . 1 . . Parts Attached 186 | 6 5 7 20 7 2 19 9 17 11 2 13 15 9 17 4 23 Power 24 | 1 . . 2 . . 4 2 3 2 . 2 2 1 2 . 3 Engine 8 | 1 . . . . . 2 2 1 1 . . 1 . . . . Core 11 | . . . 2 . . 2 . 2 1 . 1 1 1 . . 1 Reactor 5 | . . . . . . . . . . . 1 . . 2 . 2 Propulsion 46 | 2 . . 5 2 1 4 3 3 4 . 1 6 . 6 4 5 Treads 4 | . . . . . . . . . 3 . . . . . . 1 Leg 41 | 2 . . 5 2 1 4 3 3 . . 1 6 . 6 4 4 Wheel . | . . . . . . . . . . . . . . . . . Hover 1 | . . . . . . . . . 1 . . . . . . . Flight . | . . . . . . . . . . . . . . . . . Utility 43 | 1 3 3 4 4 . 2 3 3 3 . 2 1 2 4 . 8 Device 22 | . 1 2 . 2 . . 1 2 3 . . . 1 3 . 7 Storage 8 | 1 2 1 2 . . 1 . . . . . . . . . 1 Processor 2 | . . . . . . . 1 . . . . . . 1 . . Hackware . | . . . . . . . . . . . . . . . . . Protection 11 | . . . 2 2 . 1 1 1 . . 2 1 1 . . . Artifact . | . . . . . . . . . . . . . . . . . Weapon 73 | 2 2 4 9 1 1 9 1 8 2 2 8 6 6 5 . 7 Energy Gun 18 | 1 . . 2 1 1 1 . 1 1 . 2 2 . 1 . 5 Energy Cannon 4 | . . . 1 . . . . . . 1 . . . 1 . 1 Ballistic Gun 11 | 1 . . 1 . . 2 . . . . 1 . 4 1 . 1 Ballistic Cannon 26 | . 2 2 3 . . 2 1 6 1 1 2 3 2 1 . . Launcher 7 | . . . . . . 3 . . . . 3 1 . . . . Special Weapon 1 | . . . . . . . . . . . . . . 1 . . Impact Weapon 5 | . . 1 2 . . 1 . 1 . . . . . . . . Slashing Weapon . | . . . . . . . . . . . . . . . . . Piercing Weapon . | . . . . . . . . . . . . . . . . . Special Melee Weapon 1 | . . 1 . . . . . . . . . . . . . . Unidentified Prototypes 6 | . . . 2 . 1 . . . . . . . . . . 3 Parts Lost 49 | . . . 1 . . 5 1 7 2 . . 2 . 3 3 25 Power 7 | . . . . . . 1 . 2 . . . . . . . 4 Propulsion 20 | . . . . . . 2 1 4 2 . . 1 . 1 2 7 Utility 10 | . . . . . . 1 . 1 . . . . . 1 1 6 Weapon 12 | . . . 1 . . 1 . . . . . 1 . 1 . 8 Highest Loss Streak 13 | . . . 1 . . 3 1 3 2 . . 1 . 2 3 13 To Critical Strikes 1 | . . . . . . . . . . . . 1 . . . . Average Slot Usage (%) 91 | . 97 100 98 99 92 90 98 86 75 88 86 87 96 96 86 79 Engine 3 | . 14 14 4 . . 2 6 . 6 5 . 2 5 2 . . Core 4 | . . . 6 9 7 4 . 8 3 5 5 6 5 3 . . Reactor 1 | . . . . . . . . . . . 4 1 . 4 10 7 Treads 3 | . . . . . . . . . 7 17 12 6 . . . 3 Leg 21 | . 28 28 33 26 23 26 32 23 6 . 2 10 35 30 24 20 Hover 1 | . . . . . . . . . 4 5 5 3 . . . . Device 12 | . 11 14 11 18 15 15 15 10 12 17 13 5 5 13 11 12 Storage 6 | . 14 14 11 9 7 7 6 5 5 5 5 5 5 5 5 5 Processor 3 | . . . . . . . 3 5 5 5 5 5 5 6 10 7 Protection 4 | . . . 10 9 7 3 6 4 . . 3 10 7 2 . . Energy Gun 5 | . 3 . . 27 30 18 11 2 2 5 4 8 4 1 . 3 Energy Cannon 1 | . . . . . . . . . . 3 5 2 . 4 5 7 Ballistic Gun 4 | . 4 . 1 . . 6 13 2 . . . . 6 15 11 5 Ballistic Cannon 10 | . 19 27 17 . . . 1 12 15 12 10 8 11 4 5 3 Naked Turns . | . . . . . . . . . . . . . . . . . Heaviest Build 101 | 12 15 15 32 34 28 48 65 81 77 77 91 98 84 101 86 90 Greatest Support 185 | 20 20 20 30 30 35 52 67 82 185 185 185 150 95 125 120 105 Greatest Overweight (x) 3 | 1 . . 1 1 . 1 1 1 2 . . 1 . 1 3 1 Average Overweight (x) . | . . . . . . . . . . . . . . . . . Largest Inventory Capacity 15 | 8 15 8 10 10 10 15 15 15 15 15 15 15 15 15 15 15 Average Capacity 13 | 7 8 8 9 10 10 12 15 15 15 15 15 15 15 15 15 10 Most Carried 15 | 5 8 8 10 10 10 15 15 15 15 15 15 15 15 15 15 10 Average Carried 11 | 2 6 7 9 9 9 10 13 12 13 14 13 12 13 12 13 5 Final Capacity 15 | 8 8 8 10 10 10 15 15 15 15 15 15 15 15 15 15 5 Final Carried 15 | 2 8 8 10 10 9 15 14 14 14 15 15 13 14 15 11 . Class Distribution -------------------- 37% | Scavenger-Tank 21% | Mutant 15% | Tank 11% | Scavenger-Skirmisher 8% | Scavenger-Mutant 4% | Skirmisher Dominant Class ---------------- Mutant | -10/Materials Mutant | -10/Mines Mutant | -9/Materials Skirmisher | -8/Materials Skirmisher | -7/Factory Scavenger-Tank | -7/DSF Scavenger-Skirmisher | -6/Factory Scavenger-Tank | -5/Factory Tank | -5/Waste Tank | -5/Factory Scavenger-Tank | -5/Extension Scavenger-Tank | -5/Cetus Scavenger-Tank | -5/Archives Scavenger-Tank | -4/Factory Scavenger-Skirmisher | -4/Waste Scavenger-Skirmisher | -4/Factory Resources | -11 -10 -10 -9 -8 -7 -7 -6 -5 -5 -5 -5 -5 -5 -4 -4 -4 ----------- Run | Jun Mat Min Mat Mat Fac DSF Fac Fac Was Fac Ext Cet Arc Fac Was Fac Matter Collected 6427 | 231 13 171 432 177 . 275 415 922 37 187 753 534 272 961 539 508 Remotely . | . . . . . . . . . . . . . . . . . Salvage Created 10288 | . 10 132 492 727 . 465 562 884 . 43 1342 271 336 1535 1505 1984 Parts 422 | . 3 7 28 26 . 22 24 56 . 5 47 13 13 86 11 81 Haulers Intercepted 2 | . . . . . . . . . . . . . . 1 . 1 Recyclers Shooed 4 | . . . . . . . . . . . 2 . . . . 2 Parts Field Recycled . | . . . . . . . . . . . . . . . . . Retrieved Matter . | . . . . . . . . . . . . . . . . . Parts Self-Destructed . | . . . . . . . . . . . . . . . . . Prevented . | . . . . . . . . . . . . . . . . . Kills | -11 -10 -10 -9 -8 -7 -7 -6 -5 -5 -5 -5 -5 -5 -4 -4 -4 ------- Run | Jun Mat Min Mat Mat Fac DSF Fac Fac Was Fac Ext Cet Arc Fac Was Fac Combat Hostiles Destroyed 166 | . . 2 14 14 . 10 8 28 . 1 28 9 4 18 6 24 Guns 52 | . . . . 14 . 7 7 1 . 1 4 . 1 10 2 5 Cannons 89 | . . 2 14 . . . 1 27 . . 14 9 3 7 1 11 AOE 21 | . . . . . . 3 . . . . 10 . . . . 8 Classes Destroyed 18 | . 1 2 1 2 . 4 1 2 . . 1 . . 1 1 2 Worker 8 | . . . . 1 . . . 1 . . 1 . . 3 . 2 Builder 16 | . . . . . . . . 5 . . 1 . . 7 . 3 Hauler 2 | . . . . . . . . . . . . . . 1 . 1 Recycler 14 | . . 1 1 . . . 1 1 . . 3 . . 1 . 6 Operator 1 | . . . . . . . 1 . . . . . . . . . Watcher 11 | . 1 . 1 4 . . . . . 1 1 1 . 1 . 1 Swarmer 33 | . . . . 4 . . 3 14 . 1 4 . . . . 7 Grunt 69 | . . 2 12 8 . 2 3 4 . . 18 3 . 7 . 10 Brawler 6 | . . . . . . 1 1 . . . . 1 . 1 . 2 Duelist 1 | . . . . . . . . . . . . . . . . 1 Protector 1 | . . . . . . . . . . . . . . . . 1 Sentry 12 | . . . 2 2 . . 1 1 . . 2 . 4 . . . Specialist 5 | . . . . . . 4 . . . . . . . . . 1 Hunter 8 | . . . . . . 2 . . . . 1 1 . 4 . . Programmer 17 | . . . . . . . . 9 . . . . . 6 . 2 Heavy 1 | . . . . . . 1 . . . . . . . . . . Behemoth 2 | . . . . . . . . . . . 2 . . . . . Compactor 6 | . . . . . . . . . . . . . . . 6 . Cetus Guard 4 | . . . . . . . . . . . . 4 . . . . Savage 1 | . . . . . . . . . . . 1 . . . . . Best Kill Streak 19 | . 1 2 4 4 . 3 3 14 . 1 9 5 2 8 3 19 Combat Bots Only 9 | . . 2 3 4 . 3 3 8 . 1 8 5 2 4 3 9 Max Kills in Single Turn 13 | . 1 1 1 3 . 1 2 2 . 1 5 2 1 3 1 13 Gunslinging 2 | . . . . 2 . . 1 . . . . . . . . . Exploded 4 | . . . . . . 1 . . . . 4 . . . . 4 Melee . | . . . . . . . . . . . . . . . . . Uniques/NPCs Destroyed . | . . . . . . . . . . . . . . . . . Combat | -11 -10 -10 -9 -8 -7 -7 -6 -5 -5 -5 -5 -5 -5 -4 -4 -4 -------- Run | Jun Mat Min Mat Mat Fac DSF Fac Fac Was Fac Ext Cet Arc Fac Was Fac Damage Taken 10007 | . 30 83 344 329 . 899 167 1147 110 132 1223 841 279 1104 100 3219 Core 1754 | . . 33 57 65 . 68 9 179 . . 126 41 22 51 24 1079 Absorbed by Shields 143 | . . . . . . . . . . . . . . 47 . 96 Redirected to Shielding 44 | . . . . 44 . . . . . . . . . . . . Regen/Repaired (Parts) 518 | . . . 48 42 . . . . 327 53 48 . . . . . Core Remaining (%) 87 | 100 . 86 85 88 . 90 98 . . . . . 63 . . . Volleys Fired 388 | . 1 6 38 35 . 30 16 46 . 6 44 29 9 47 25 56 Largest 5 | . 2 2 2 3 . 4 4 4 . 4 4 4 4 5 5 5 Hottest 426 | . 70 70 70 183 . 194 188 171 . 262 262 279 248 275 267 426 Shots Fired 1192 | . 2 12 75 105 . 66 64 128 . 25 143 73 29 226 86 158 Gun 571 | . . . 8 105 . 49 59 18 . 6 30 18 11 147 43 77 Cannon 579 | . 2 12 67 . . . 5 110 . 19 104 39 18 79 43 81 Launcher 42 | . . . . . . 17 . . . . 9 16 . . . . Special . | . . . . . . . . . . . . . . . . . Kinetic 671 | . 2 12 75 . . . 37 120 . 13 67 24 18 168 62 73 Thermal 417 | . . . . 105 . 49 27 5 . 12 65 18 6 46 24 60 Explosive 42 | . . . . . . 17 . . . . 9 16 . . . . Electromagnetic 62 | . . . . . . . . 3 . . 2 15 5 12 . 25 Robot Hit Streak 32 | . 2 10 32 27 . 16 15 26 . 11 18 17 16 19 18 21 Robot Miss Streak 5 | . . 1 1 4 . 2 2 3 . 1 2 2 1 5 2 3 Penetration Max 1 | . . . . . . . . 1 . . . . . 1 . 1 Secondary Targets 5 | . . . . 3 . . 2 . . . . . . . . . Max Gunslinging Chain 2 | . . . . 2 . . 1 . . . . . . . . . Shots Hit Robots 805 | . 2 11 65 66 . 40 44 83 . 20 97 49 25 125 67 111 Core Hits 431 | . 1 4 19 32 . 28 24 49 . 5 87 38 8 59 12 65 Critical Kills 14 | . . . . . . . 3 . . . . . 3 2 3 3 Critical Parts Destroyed 8 | . . . . . . . 1 3 . . . . 1 2 . 1 Critical Strikes 54 | . . . 2 7 . 1 8 9 . . 5 . 4 7 3 8 Burn 13 | . . . . 7 . 1 4 1 . . . . . . . . Meltdown 4 | . . . . . . . . . . . . . . 1 3 . Destroy 18 | . . . . . . . 4 3 . . . . 4 3 . 4 Blast 18 | . . . 2 . . . . 5 . . 5 . . 2 . 4 Corrupt 1 | . . . . . . . . . . . . . . 1 . . Melee Attacks 46 | . . 7 17 . . . . 19 3 . . . . . . . Impact 44 | . . 5 17 . . . . 19 3 . . . . . . . Slashing . | . . . . . . . . . . . . . . . . . Piercing . | . . . . . . . . . . . . . . . . . Sneak Attacks 2 | . . 2 . . . . . . . . . . . . . . Combat Hostiles . | . . . . . . . . . . . . . . . . . Follow-up Attacks . | . . . . . . . . . . . . . . . . . Damage Inflicted 28623 | . 40 171 1112 1360 . 1672 638 3069 . 726 5444 2161 408 4099 2040 5683 Guns 8648 | . . . 105 1360 . 700 539 146 . 160 682 213 186 2351 868 1338 Cannons 13813 | . 40 171 1007 . . . 99 2923 . 566 2759 1301 222 1607 1172 1946 Explosions 6126 | . . . . . . 972 . . . . 2003 647 . 141 . 2363 Melee . | . . . . . . . . . . . . . . . . . Ramming 36 | . . . . . . . . . . . . . . . . 36 Kinetic 12541 | . 40 171 1112 . . . 218 2984 . 312 1305 654 222 2753 1284 1486 Thermal 11243 | . . . . 1360 . 700 420 75 . 414 2068 677 122 1090 756 3561 Explosive 3622 | . . . . . . 972 . . . . 2003 647 . . . . Electromagnetic 1181 | . . . . . . . . 10 . . 68 183 64 256 . 600 Impact . | . . . . . . . . . . . . . . . . . Slashing . | . . . . . . . . . . . . . . . . . Piercing . | . . . . . . . . . . . . . . . . . Highest Corruption 29 | . . . 1 . 4 4 . 3 3 3 3 4 4 4 21 29 Average Corruption 4 | . . . 1 . 4 4 . 2 3 3 3 3 4 2 15 22 Corruption Purged . | . . . . . . . . . . . . . . . . . Corruption Blocked . | . . . . . . . . . . . . . . . . . Effects 180 | . . . 11 . . 9 . 17 15 17 19 7 9 12 17 47 Message Errors 47 | . . . 3 . . 4 . 2 5 7 5 4 1 2 3 11 Matter Fused 35 | . . . 2 . . 3 . 3 3 5 3 1 1 6 1 7 Heat Flow Errors 16 | . . . . . . . . 4 1 . 1 . 3 1 2 4 Energy Discharges 14 | . . . 2 . . . . 1 1 . 3 . 1 2 2 2 Parts Rejected 2 | . . . . . . . . . . . . 1 . . 1 . Data Loss (minor) 22 | . . . . . . 1 . 5 2 4 4 . 2 . 2 2 Data Loss (major) 12 | . . . 2 . . 1 . 1 3 . 1 . . 1 2 1 Misfires 5 | . . . 1 . . . . . . 1 1 . 1 . . 1 Alerts 4 | . . . 1 . . . . . . . . . . . . 3 Misdirections 9 | . . . . . . . . . . . . . . . 2 7 Weapon Failures 14 | . . . . . . . . 1 . . 1 1 . . 2 9 Overload Shots . | . . . . . . . . . . . . . . . . . Overflow Damage 761 | . . . . . . 7 . 76 . . 87 27 . 71 . 493 Projectiles 231 | . . . . . . . . 76 . . 33 27 . 71 . 24 Explosions 530 | . . . . . . 7 . . . . 54 . . . . 469 Melee . | . . . . . . . . . . . . . . . . . Knockbacks 60 | . . 1 11 . . . 2 24 . 1 8 4 . 8 . 1 Impact . | . . . . . . . . . . . . . . . . . Kinetic 56 | . . 1 11 . . . 2 20 . 1 8 4 . 8 . 1 Secondary 4 | . . . . . . . . 4 . . . . . . . . Self-Inflicted Damage 341 | . . . . . . . . . . . 30 11 . . . 300 Shots 7 | . . . . . . . . . . . 1 1 . . . 5 Rammed 8 | . . . . . . . . . . . . . . . . 8 Targets Rammed 21 | . . 1 . . . . . . . . . . . . . 20 Kicked 13 | . . 1 . . . . . . . . . . . . . 12 Crushed . | . . . . . . . . . . . . . . . . . Highest Temperature 713 | . . 9 186 322 . 5 100 213 212 1 175 509 713 123 201 355 Average Temperature 88 | . . 4 59 95 . 5 42 27 139 1 29 194 212 41 33 107 Received Heat Transfer 1996 | . . 63 219 198 . 162 27 123 . 24 486 45 63 84 . 502 Effects 25 | . . . . . . . . . . . . 6 19 . . . Shutdowns 9 | . . . . . . . . . . . . 2 7 . . . Energy Bleed 1 | . . . . . . . . . . . . 1 . . . . Interference 8 | . . . . . . . . . . . . 1 7 . . . Matter Decay 2 | . . . . . . . . . . . . 1 1 . . . Short Circuit 3 | . . . . . . . . . . . . 1 2 . . . Damage (major) 2 | . . . . . . . . . . . . . 2 . . . Siege Activations . | . . . . . . . . . . . . . . . . . Robots Corrupted . | . . . . . . . . . . . . . . . . . Combat Hostiles . | . . . . . . . . . . . . . . . . . Parts Fried 2 | . . . . . . . . . . . 1 . . 1 . . Impact Corruptions 1 | . . . . . . . . 1 . . . . . . . . Robots Melted 4 | . . . . . . . . . . . . . . 1 3 . Combat Hostiles 4 | . . . . . . . . . . . . . . 1 3 . Parts Melted 20 | . . . . 6 . . 1 2 . . 2 . . 2 6 1 Heat Transferred 14316 | . . . . 3034 . 1369 1073 185 . 485 2440 812 148 1149 777 2844 Parts Sabotaged . | . . . . . . . . . . . . . . . . . Parts Stolen . | . . . . . . . . . . . . . . . . . Parts Stripped . | . . . . . . . . . . . . . . . . . Power Chain Reactions 1 | . . . . . . . . . . . . . . 1 . . Missiles Intercepted . | . . . . . . . . . . . . . . . . . Alert | -11 -10 -10 -9 -8 -7 -7 -6 -5 -5 -5 -5 -5 -5 -4 -4 -4 ------- Run | Jun Mat Min Mat Mat Fac DSF Fac Fac Was Fac Ext Cet Arc Fac Was Fac Peak Influence 1049 | . 7 82 234 307 119 354 261 536 188 286 1049 760 335 463 72 1042 Initial 486 | . . 2 1 45 119 73 160 109 156 . 120 486 193 97 72 33 Average 238 | . 4 41 84 191 119 256 159 136 81 123 591 641 314 273 46 560 Maximum Alert Level 3 | . . . 1 1 . 1 1 2 . 1 3 3 1 2 . 3 Low Security (%) 57 | 100 100 100 97 45 100 18 74 76 100 59 7 . 1 30 100 34 Level 1 26 | . . . 2 54 . 81 25 13 . 40 32 . 98 60 . 2 Level 2 7 | . . . . . . . . 10 . . 19 66 . 8 . . Level 3 9 | . . . . . . . . . . . 40 33 . . . 62 Level 4 . | . . . . . . . . . . . . . . . . . Level 5 . | . . . . . . . . . . . . . . . . . High Security . | . . . . . . . . . . . . . . . . . Max Security . | . . . . . . . . . . . . . . . . . Sterilizations 1 | . . . . . . 1 . . . . . . . . . . Squads Dispatched 33 | . . . 4 2 . 3 . 5 . . 6 . . 6 . 7 Investigation 6 | . . . 1 1 . . . . . . 4 . . . . . Extermination 6 | . . . . . . . . 3 . . . . . 3 . . Reinforcement 17 | . . . 3 1 . 3 . 2 . . 2 . . 3 . 3 Assault 3 | . . . . . . . . . . . . . . . . 3 Garrison 1 | . . . . . . . . . . . . . . . . 1 Intercept . | . . . . . . . . . . . . . . . . . Searches Triggered . | . . . . . . . . . . . . . . . . . Construction Impeded 4 | . . . . . . . . . . . 1 . . 2 . 1 Haulers Reinforced . | . . . . . . . . . . . . . . . . . Active Scanning Responses . | . . . . . . . . . . . . . . . . . Cargo Convoy Interrupts . | . . . . . . . . . . . . . . . . . Stealth | -11 -10 -10 -9 -8 -7 -7 -6 -5 -5 -5 -5 -5 -5 -4 -4 -4 --------- Run | Jun Mat Min Mat Mat Fac DSF Fac Fac Was Fac Ext Cet Arc Fac Was Fac Distress Signals 13 | . . . 1 5 . . . 2 . . 1 1 . 1 . 2 Communications Jammed . | . . . . . . . . . . . . . . . . . Distress Signals . | . . . . . . . . . . . . . . . . . Times Spotted 249 | . 1 4 23 26 . 13 13 40 5 10 38 12 2 22 5 35 Peak Tracking Total 8 | . 1 2 7 6 . 3 5 8 4 5 8 5 1 4 2 8 Tactical Retreats 13 | . . . 1 3 . 2 1 2 . . 1 1 . . 1 1 Traps | -11 -10 -10 -9 -8 -7 -7 -6 -5 -5 -5 -5 -5 -5 -4 -4 -4 ------- Run | Jun Mat Min Mat Mat Fac DSF Fac Fac Was Fac Ext Cet Arc Fac Was Fac Traps Triggered 7 | . 2 . . 1 . . 1 1 . . . . . 1 . 1 Indirectly . | . . . . . . . . . . . . . . . . . Trap Hack Attempts . | . . . . . . . . . . . . . . . . . Triggered . | . . . . . . . . . . . . . . . . . Disarmed . | . . . . . . . . . . . . . . . . . Reprogrammed . | . . . . . . . . . . . . . . . . . Reused . | . . . . . . . . . . . . . . . . . Traps Extracted . | . . . . . . . . . . . . . . . . . Installed . | . . . . . . . . . . . . . . . . . Triggered 1 | . . 1 . . . . . . . . . . . . . . Machines | -11 -10 -10 -9 -8 -7 -7 -6 -5 -5 -5 -5 -5 -5 -4 -4 -4 ---------- Run | Jun Mat Min Mat Mat Fac DSF Fac Fac Was Fac Ext Cet Arc Fac Was Fac Machines Disabled 43 | . . . . 2 . . . 1 . 1 4 2 2 9 . 22 Max in Single Turn 16 | . . . . 1 . . . 1 . . 1 1 1 4 . 16 Garrison Access 1 | . . . . . . . . . . . . . . . . 1 Machines Repaired . | . . . . . . . . . . . . . . . . . Machines Sabotaged . | . . . . . . . . . . . . . . . . . Overloaded Fab Kills . | . . . . . . . . . . . . . . . . . Hacking | -11 -10 -10 -9 -8 -7 -7 -6 -5 -5 -5 -5 -5 -5 -4 -4 -4 --------- Run | Jun Mat Min Mat Mat Fac DSF Fac Fac Was Fac Ext Cet Arc Fac Was Fac Machines Accessed 29 | . 1 . 5 3 1 . 3 1 . 6 6 2 . 1 . . Terminals 21 | . 1 . 2 2 1 . 3 1 . 4 4 2 . 1 . . Fabricators 1 | . . . . . . . . . . 1 . . . . . . Repair Stations 4 | . . . 1 1 . . . . . 1 1 . . . . . Recycling Units 2 | . . . 1 . . . . . . . 1 . . . . . Scanalyzers 1 | . . . 1 . . . . . . . . . . . . . Garrison Access . | . . . . . . . . . . . . . . . . . Total Hacks 52 | . 1 . 10 5 1 . 4 1 . 11 15 3 . 1 . . Successful 38 | . . . 8 4 1 . 3 . . 8 11 2 . 1 . . Failed 13 | . 1 . 2 1 . . 1 1 . 2 4 1 . . . . Catastrophic 2 | . . . . . . . . . . . 1 1 . . . . Database Lockouts 1 | . . . . . . . . . . 1 . . . . . . Manual . | . . . . . . . . . . . . . . . . . Terminals 33 | . 1 . 2 3 1 . 4 1 . 9 8 3 . 1 . . Fabricators 1 | . . . . . . . . . . 1 . . . . . . Repair Stations 8 | . . . 2 2 . . . . . 1 3 . . . . . Recycling Units 5 | . . . 1 . . . . . . . 4 . . . . . Scanalyzers 5 | . . . 5 . . . . . . . . . . . . . Garrison Access . | . . . . . . . . . . . . . . . . . Terminal Hacks 22 | . . . 1 2 1 . 3 . . 8 4 2 . 1 . . Record 12 | . . . 1 1 . . 1 . . 6 2 1 . . . . Prototype ID Bank 1 | . . . . 1 . . . . . . . . . . . . Open Door 2 | . . . . . . . . . . 1 . 1 . . . . Open DSF 4 | . . . . . 1 . 2 . . 1 . . . . . . Alert Level 1 | . . . . . . . . . . . 1 . . . . . Locate Traps 1 | . . . . . . . . . . . . . . 1 . . Recall Investigation 1 | . . . . . . . . . . . 1 . . . . . Fabricator Hacks . | . . . . . . . . . . . . . . . . . Repair Station Hacks 7 | . . . 2 2 . . . . . . 3 . . . . . Scan Component 4 | . . . 1 1 . . . . . . 2 . . . . . Repair 3 | . . . 1 1 . . . . . . 1 . . . . . Recycling Unit Hacks 5 | . . . 1 . . . . . . . 4 . . . . . Process 1 | . . . . . . . . . . . 1 . . . . . Report Inventory 3 | . . . 1 . . . . . . . 2 . . . . . Retrieve Matter 1 | . . . . . . . . . . . 1 . . . . . Scanalyzer 4 | . . . 4 . . . . . . . . . . . . . Insert Component 2 | . . . 2 . . . . . . . . . . . . . Analyze 2 | . . . 2 . . . . . . . . . . . . . Garrison Access Hacks . | . . . . . . . . . . . . . . . . . Unauthorized Hacks . | . . . . . . . . . . . . . . . . . Terminals . | . . . . . . . . . . . . . . . . . Fabricators . | . . . . . . . . . . . . . . . . . Repair Stations . | . . . . . . . . . . . . . . . . . Recycling Units . | . . . . . . . . . . . . . . . . . Scanalyzers . | . . . . . . . . . . . . . . . . . Garrison Access . | . . . . . . . . . . . . . . . . . Data Cores Recovered 1 | . . . . . . . 1 . . . . . . . . . Used . | . . . . . . . . . . . . . . . . . Hacking Detections 18 | . . . 5 1 . . 1 1 . 4 5 . . 1 . . Full Trace Events 3 | . . . 1 . . . . . . . 2 . . . . . Feedback Events . | . . . . . . . . . . . . . . . . . Feedback Blocked . | . . . . . . . . . . . . . . . . . Robot Schematics Acquired . | . . . . . . . . . . . . . . . . . Robots Built . | . . . . . . . . . . . . . . . . . Authchips . | . . . . . . . . . . . . . . . . . Time . | . . . . . . . . . . . . . . . . . Total Robot Build Rating . | . . . . . . . . . . . . . . . . . Part Schematics Acquired 2 | . . . 2 . . . . . . . . . . . . . Parts Built . | . . . . . . . . . . . . . . . . . Authchips . | . . . . . . . . . . . . . . . . . Time . | . . . . . . . . . . . . . . . . . Total Part Build Rating . | . . . . . . . . . . . . . . . . . Parts Repaired 2 | . . . 1 1 . . . . . . . . . . . . Time 120 | . . . 26 26 . . . . . . 68 . . . . . Parts Recycled . | . . . . . . . . . . . . . . . . . Recycled Matter 12 | . . . . . . . . . . . 12 . . . . . Retrieved Matter 12 | . . . . . . . . . . . 12 . . . . . Retrieved Components . | . . . . . . . . . . . . . . . . . Parts Scanalyzed 2 | . . . 2 . . . . . . . . . . . . . Part Schematics Acquired 2 | . . . 2 . . . . . . . . . . . . . Parts Damaged . | . . . . . . . . . . . . . . . . . Bothacking | -11 -10 -10 -9 -8 -7 -7 -6 -5 -5 -5 -5 -5 -5 -4 -4 -4 ------------ Run | Jun Mat Min Mat Mat Fac DSF Fac Fac Was Fac Ext Cet Arc Fac Was Fac Used RIF Installer . | . . . . . . . . . . . . . . . . . Robots Hacked 1 | . . 1 . . . . . . . . . . . . . . Non-combat 1 | . . 1 . . . . . . . . . . . . . . Combat . | . . . . . . . . . . . . . . . . . Robot Hacks Applied 2 | . . 2 . . . . . . . . . . . . . . parse_system 1 | . . 1 . . . . . . . . . . . . . . no_distress 1 | . . 1 . . . . . . . . . . . . . . Relay Couplers Released 2 | . . . . . . . . . . . . . . . . 2 Machine Destruction 2 | . . . . . . . . . . . . . . . . 2 Fabnet Peak Effective % . | . . . . . . . . . . . . . . . . . Robots Rewired . | . . . . . . . . . . . . . . . . . Allies Hacked . | . . . . . . . . . . . . . . . . . Hacks Repelled . | . . . . . . . . . . . . . . . . . Allies | -11 -10 -10 -9 -8 -7 -7 -6 -5 -5 -5 -5 -5 -5 -4 -4 -4 -------- Run | Jun Mat Min Mat Mat Fac DSF Fac Fac Was Fac Ext Cet Arc Fac Was Fac Total Allies 23 | . . 3 . . . . . . 19 . . . . . 1 . Largest Group 18 | . . 3 3 . . . . . 18 17 6 . . . 1 . Highest-Rated Group 638 | . . 40 40 . . . . . 638 613 242 . . . 46 . Highest-Rated Ally 50 | . . 16 16 . . . . . 50 50 50 . . . 46 . Total Orders 1 | . . 1 . . . . . . . . . . . . . . FOLLOW 1 | . . 1 . . . . . . . . . . . . . . Ally Attacks 251 | . . 13 6 . . . . . 124 66 40 . . . 2 . Total Damage 7321 | . . 93 89 . . . . . 3710 1605 1743 . . . 81 . Kills 30 | . . 2 1 . . . . . 6 9 12 . . . . . Allies Corrupted . | . . . . . . . . . . . . . . . . . Allies Melted . | . . . . . . . . . . . . . . . . . Intel | -11 -10 -10 -9 -8 -7 -7 -6 -5 -5 -5 -5 -5 -5 -4 -4 -4 ------- Run | Jun Mat Min Mat Mat Fac DSF Fac Fac Was Fac Ext Cet Arc Fac Was Fac Robot Analysis Total . | . . . . . . . . . . . . . . . . . Derelict Logs Recovered 1 | . . 1 . . . . . . . . . . . . . . Drone Launches . | . . . . . . . . . . . . . . . . . Drone Recoveries . | . . . . . . . . . . . . . . . . . Exploration | -11 -10 -10 -9 -8 -7 -7 -6 -5 -5 -5 -5 -5 -5 -4 -4 -4 ------------- Run | Jun Mat Min Mat Mat Fac DSF Fac Fac Was Fac Ext Cet Arc Fac Was Fac Turns Passed 10912 | 81 218 741 1070 660 11 418 742 1300 834 695 1085 568 308 1357 268 556 Spaces Moved 5755 | 54 159 511 485 289 5 177 481 570 473 419 506 237 156 845 137 251 Core 28 | 18 . . . . . . . . . . . . . . . 10 Treads 1443 | . . . . . . . . . 367 419 506 151 . . . . Legs 4283 | 36 159 511 485 289 5 177 481 570 105 . . 86 156 845 137 241 Wheels . | . . . . . . . . . . . . . . . . . Hover 1 | . . . . . . . . . 1 . . . . . . . Flight . | . . . . . . . . . . . . . . . . . Fastest Speed 50 | 50 120 120 120 120 120 110 108 112 120 155 155 120 120 120 114 90 Average Speed 139 | 117 120 120 152 147 120 127 110 171 160 155 157 170 120 120 122 116 Slowest Speed 330 | 190 120 120 190 190 120 190 187 188 240 155 160 240 120 190 330 187 Overloaded Moves . | . . . . . . . . . . . . . . . . . Propulsion Burnouts . | . . . . . . . . . . . . . . . . . Robots Hopped . | . . . . . . . . . . . . . . . . . Cave-ins Triggered . | . . . . . . . . . . . . . . . . . Exploration Rate (%) 48 | 4 26 89 36 25 . 96 11 19 97 13 65 85 98 20 89 8 Regions Visited 16 Branch Regions 4 Pre-discovered Areas 1 | . . 1 . . . . . . . . . . . . . . Known Exits Taken 1 | . . . . . 1 . . . . . . . . . . . Unknown Exits Taken 10 | 1 1 1 1 1 . . 1 . . 1 1 1 1 . . . Scrap Searched 1 | . . 1 . . . . . . . . . . . . . . Spaces Dug 42 | . . 5 14 . . . . 19 3 . . . . 1 . . Terrain Destroyed 610 | . . 5 14 . . 59 2 48 3 6 140 83 7 114 11 118 Melee 41 | . . 5 14 . . . . 19 3 . . . . . . . Projectile 185 | . . . . . . . . 29 . 6 36 . 7 68 11 28 AOE 381 | . . . . . . 59 . . . . 104 83 . 46 . 89 Terrain Rammed . | . . . . . . . . . . . . . . . . . Walls Destroyed . | . . . . . . . . . . . . . . . . . Machines Disabled . | . . . . . . . . . . . . . . . . . Actions | -11 -10 -10 -9 -8 -7 -7 -6 -5 -5 -5 -5 -5 -5 -4 -4 -4 --------- Run | Jun Mat Min Mat Mat Fac DSF Fac Fac Was Fac Ext Cet Arc Fac Was Fac Total 7721 | 74 183 623 724 451 9 306 650 780 546 446 679 340 257 1073 182 398 Wait 1003 | 1 8 72 129 103 3 57 132 95 42 19 87 41 68 112 15 19 Move 5741 | 53 158 510 484 288 4 176 480 570 472 418 505 236 155 845 136 251 Hop . | . . . . . . . . . . . . . . . . . Pick Up 197 | 11 9 10 20 10 . 17 8 19 11 1 14 10 8 30 1 18 Fast Attach . | . . . . . . . . . . . . . . . . . Attach 100 | 6 1 2 8 4 1 9 4 8 9 . 5 9 3 9 4 18 Detach 9 | . . . 1 1 . 2 . . 1 . 2 2 . . . . Swap 87 | . 4 5 13 3 1 10 5 9 2 2 8 6 6 8 . 5 Drop 128 | 3 2 10 14 7 . 5 5 14 6 . 14 7 8 22 1 10 Fire 388 | . 1 6 38 35 . 30 16 46 . 6 44 29 9 47 25 56 Melee 46 | . . 7 17 . . . . 19 3 . . . . . . . Ram 9 | . . . . . . . . . . . . . . . . 9 Kick 13 | . . 1 . . . . . . . . . . . . . 12 Crush . | . . . . . . . . . . . . . . . . . Escape Stasis . | . . . . . . . . . . . . . . . . . Rewire . | . . . . . . . . . . . . . . . . . Trap . | . . . . . . . . . . . . . . . . . Miscellaneous . | . . . . . . . . . . . . . . . . . Route ------- -11/Junkyard -10/Materials -10/Mines (discovered 2 exits: *Mat x2) -9/Materials -8/Materials -7/Factory -7/DSF -6/Factory -5/Factory -5/Waste -5/Factory -5/Extension (discovered 2 exits: *Fac / *Cet) -5/Cetus -5/Archives (discovered 3 exits: *Fac / [*Hub x2]) -4/Factory (discovered 2 exits: *Res / *Upp) -4/Waste -4/Factory History --------- Turn | Location | Event 11 | -11/Junkyard | Discovered new exit (range 16) 82 | -11/Junkyard | Entered Materials 223 | -10/Materials | Discovered new exit (range 9) 300 | -10/Materials | Entered Mines 313 | -10/Mines | Build established: Mutant 394 | -10/Mines | Discovered new exit (range 14) 504 | -10/Mines | Learned location of Zion (-7) 520 | -10/Mines | YI-UF0 nonchalantly dropped a Grenade Launcher on the ground 614 | -10/Mines | Assembled infested the area 636 | -10/Mines | Assisted by bots powering up and referring to "LRC-V3" 756 | -10/Mines | A weapon hastily lodged in a ceiling crevice suddenly fell to the ground 812 | -10/Mines | Discovered new exit (range 7) 1041 | -10/Mines | Entered Materials 1041 | -9/Materials | Accompanied by 3 allies 1041 | -9/Materials | Evolved 2 slots: Propulsion x1, Utility x1 1292 | -9/Materials | Repaired Lgt. Cannon 1887 | -9/Materials | Discovered new exit (range 12) 2111 | -9/Materials | Entered another Materials area 2111 | -8/Materials | Evolved 2 slots: Utility x1, Weapon x1 2399 | -8/Materials | Build established: Tank 2437 | -8/Materials | Repaired Aluminum Leg 2659 | -8/Materials | Discovered new exit (range 16) 2709 | -8/Materials | Build established: Skirmisher 2771 | -8/Materials | Entered Factory 2771 | -7/Factory | Evolved 2 slots: Propulsion x1, Weapon x1 2779 | -7/Factory | Identified exit to DSF 2782 | -7/Factory | Entered DSF 2822 | -7/DSF | Additional patrols routed to DSF 3010 | -7/DSF | Lost 3 parts (1n1u1w) 3104 | -7/DSF | Sterilization system engaged 3124 | -7/DSF | Ambient heat levels rising (+10) 3139 | -7/DSF | Ambient heat levels rising (+10) 3154 | -7/DSF | Ambient heat levels rising (+10) 3155 | -7/DSF | Discovered new exit (range 16) 3169 | -7/DSF | Ambient heat levels rising (+10) 3184 | -7/DSF | Ambient heat levels rising (+10) 3199 | -7/DSF | Ambient heat levels rising (+10) 3200 | -7/DSF | Entered Factory 3200 | -6/Factory | Evolved 2 slots: Propulsion x1, Utility x1 3491 | -6/Factory | Build established: Scavenger-Tank 3768 | -6/Factory | Discovered new exit (range 21) 3884 | -6/Factory | Build established: Scavenger-Skirmisher 3942 | -6/Factory | Entered another Factory area 3942 | -5/Factory | Evolved 2 slots: Power x1, Propulsion x1 4037 | -5/Factory | Spotted B-75 Beast 4176 | -5/Factory | Lost 3 parts (1p2n) 5101 | -5/Factory | Destroyed 8 combat bots 5192 | -5/Factory | Destroyed 7 combat bots 5242 | -5/Factory | Sucked down chute 5242 | -5/Factory | Entered Waste 5243 | -5/Waste | Met a frightened Derelict 5278 | -5/Waste | Spotted C-40 Crusher 5338 | -5/Waste | Spotted C-40 Crusher 5345 | -5/Waste | Spotted C-40 Crusher 5350 | -5/Waste | Crushed by Compactor (1 part destroyed, 1 dropped) 5354 | -5/Waste | Crushed by Compactor (1 part destroyed, 1 dropped) 5354 | -5/Waste | Spotted C-40 Crusher 5358 | -5/Waste | Spotted C-40 Crusher 5364 | -5/Waste | Warlord forces began an assault 5367 | -5/Waste | Allies destroyed C-40 Crusher 5374 | -5/Waste | Allies destroyed C-40 Crusher 5380 | -5/Waste | Allies destroyed C-40 Crusher 5384 | -5/Waste | Allies destroyed C-40 Crusher 5410 | -5/Waste | Spotted C-40 Crusher 5414 | -5/Waste | Allies destroyed C-40 Crusher 5676 | -5/Waste | Discovered new exit (range 13) 5935 | -5/Waste | Build established: Tank 6076 | -5/Waste | Entered Factory 6076 | -5/Factory | Accompanied by 17 allies 6117 | -5/Factory | Identified exit to DSF 6386 | -5/Factory | Spotted B-75 Beast 6402 | -5/Factory | Allies destroyed B-75 Beast 6678 | -5/Factory | Central database locked down 6761 | -5/Factory | Discovered new exit (range 9) 6771 | -5/Factory | Entered Extension 6771 | -5/Extension | Accompanied by 6 allies 7149 | -5/Extension | Build established: Scavenger-Tank 7324 | -5/Extension | Destroyed 8 combat bots 7388 | -5/Extension | Spotted B-75 Beast 7404 | -5/Extension | Destroyed B-75 Beast 7421 | -5/Extension | Disrupted transfer network 7433 | -5/Extension | Spotted B-75 Beast 7446 | -5/Extension | Destroyed B-75 Beast 7776 | -5/Extension | Discovered new exit (range 22) 7780 | -5/Extension | Discovered new exit (range 20) 7856 | -5/Extension | Entered Cetus 7876 | -5/Cetus | Spotted Cetus Guard 7876 | -5/Cetus | Spotted Cetus Guard 7877 | -5/Cetus | Spotted Cetus Guard 7877 | -5/Cetus | Spotted Cetus Guard 7888 | -5/Cetus | Destroyed Cetus Guard 7897 | -5/Cetus | Destroyed Cetus Guard 7901 | -5/Cetus | Destroyed Cetus Guard 7906 | -5/Cetus | Destroyed Cetus Guard 8054 | -5/Cetus | Cetus Manufacturing Module disabled 8399 | -5/Cetus | Discovered new exit (range 21) 8424 | -5/Cetus | Entered Archives 8563 | -5/Archives | Discovered new exit (range 22) 8581 | -5/Archives | Unable to access archive contents 8601 | -5/Archives | Unable to access archive contents 8607 | -5/Archives | Discovered new exit (range 16) 8626 | -5/Archives | Unable to access archive contents 8630 | -5/Archives | Discovered new exit (range 15) 8732 | -5/Archives | Entered Factory 8732 | -4/Factory | Evolved 2 slots: Utility x1, Weapon x1 9999 | -4/Factory | Discovered new exit (range 3) 10001 | -4/Factory | Identified exit to Upper Caves 10021 | -4/Factory | Discovered new exit (range 21) 10045 | -4/Factory | Identified exit to Research 10089 | -4/Factory | Sucked down chute 10089 | -4/Factory | Entered Waste 10090 | -4/Waste | Met a frightened Derelict 10104 | -4/Waste | EMP discharged 10104 | -4/Waste | System corruption reached 10% 10115 | -4/Waste | Found Prototype Device 10116 | -4/Waste | Spotted C-40 Crusher 10116 | -4/Waste | Spotted C-40 Crusher 10148 | -4/Waste | Destroyed C-40 Crusher 10166 | -4/Waste | Crushed by Compactor (1 part destroyed, 1 dropped) 10173 | -4/Waste | Spotted C-40 Crusher 10189 | -4/Waste | Crushed by Compactor (1 part destroyed, 1 dropped) 10196 | -4/Waste | Crushed by Compactor (1 part destroyed, 1 dropped) 10204 | -4/Waste | EMP discharged 10204 | -4/Waste | Destroyed C-40 Crusher 10227 | -4/Waste | Lost 3 parts (2n1u) 10235 | -4/Waste | Spotted C-40 Crusher 10238 | -4/Waste | Destroyed C-40 Crusher 10277 | -4/Waste | Destroyed C-40 Crusher 10284 | -4/Waste | Spotted C-40 Crusher 10292 | -4/Waste | Destroyed C-40 Crusher 10295 | -4/Waste | Spotted C-40 Crusher 10304 | -4/Waste | EMP discharged 10306 | -4/Waste | Destroyed C-40 Crusher 10343 | -4/Waste | Discovered new exit (range 13) 10356 | -4/Waste | Identified exit to Factory 10357 | -4/Waste | Entered Factory 10358 | -4/Factory | Identified Exp. Shock Absorption System 10534 | -4/Factory | Build established: Scavenger-Skirmisher 10551 | -4/Factory | Garrison activated, responded to threat 10595 | -4/Factory | Destroyed 9 combat bots 10607 | -4/Factory | First assault squad dispatched 10808 | -4/Factory | Lost 9 parts (2p3n1u3w) 10886 | -4/Factory | Core integrity fell below 50% 10905 | -4/Factory | Core integrity fell below 20% 10913 | -4/Factory | Destroyed by G-67 Veteran with Field Laser Last Messages --------------- 10894_ Penetrated by Slug. 10894_ Knocked back. 10898_ 1>#VHTTZHU:OZXAZAL&QYR,GU%D 10898_ Imp. Force Field destroyed. 10898_ G-67 Veteran suffers critical hit (Burn). 10901_ Adv. Heat Sink destroyed. 10903_ U-05 Engineer builds a Wall. 10904_ Critical hit (Burn: +37). 10904_ G-67 Veteran knocked back. 10907_ Slammed into G-67 Veteran. 10907_ Destabilizing: System corrupted (+2). 10908_ Slammed into G-67 Veteran. 10908_ K-01 Serf collects debris. 10908_ Knocked back. 10909_ W-44 Eye distress signal alerts nearby ally. 10909_ Slammed into G-67 Veteran. 10911_ K-01 Serf collects debris. 10912_ Slammed into K-01 Serf. 10913_ PM99QLSBMU%HHIZ2LJU= TQB3N0OZUAGHY=H